 Dungeon Crawl Stone Soup version 0.30-a0-972-gf3ab3527aa (webtiles) character file.

Game seed: 17970148682795652738

29 Demosthentine the Ducker (level 3, 28/28 HPs)
             Began as a Demonspawn Gladiator on Mar 31, 2023.
             Got out of the dungeon alive.
             The game lasted 00:00:50 (1007 turns).

Demosthentine the Ducker (Demonspawn Gladiator)     Turns: 1007, Time: 00:00:51

Health: 28/28      AC:  4    Str: 16    XL:     3   Next: 1%
Magic:  3/3        EV: 12    Int:  9    God:
Gold:   53         SH:  0    Dex: 14    Spells: 2/2 levels left

rFire   . . .      SeeInvis .    (no weapon)
rCold   . . .      Faith    .    (no shield)
rNeg    . . .      Spirit   .    b - +0 leather armour
rPois   .          Reflect  .    c - +0 helmet
rElec   .          Rampage  .    (no cloak)
rCorr   .                        (no gloves)
Will    .....                    (no boots)
Stlth   +                        (no amulet)
HPRegen 0.24/turn                (no ring)
MPRegen 0.08/turn                (no ring)

@: no status effects
A: claws 1, powered by pain 1
a: no special abilities


You escaped.
You visited 1 branch of the dungeon, and saw 1 of its levels.

You collected 53 gold pieces.

Inventory:

Missiles
 d - 3 throwing nets (quivered)
 e - a javelin
Armour
 b - a +0 leather armour (worn)
 c - a +0 helmet (worn)
Scrolls
 g - a scroll of teleportation {unknown}
Potions
 a - a potion of curing {unknown}
 f - a potion of might {unknown}


   Skills:
 + Level 2.4 Fighting
 - Level 2.8 Polearms
 - Level 1.7 Throwing
 + Level 1.1 Armour
 + Level 3.0 Dodging
 + Level 0.5 Unarmed Combat


You had 2 spell levels left.
You didn't know any spells.
Your spell library was empty.

Dungeon Overview and Level Annotations

Branches:
Dungeon (1/15)

Altars:


Innate Abilities, Weirdness & Mutations

You have sharp fingernails.
You sometimes gain a little power by taking damage.


Message History

A hobgoblin is nearby!
A hobgoblin is nearby!
A hobgoblin is nearby!
You closely miss the hobgoblin. The hobgoblin misses you.
You scratch the hobgoblin but do no damage.
The hobgoblin hits you.
You scratch the hobgoblin.
You kill the hobgoblin!
You have reached level 3!
Your experience leads to an increase in your attributes!
Increase (S)trength, (I)ntelligence, or (D)exterity?
You feel stronger. x2; Your demonic ancestry asserts itself...
You feel energised by your suffering.
No target in view!
There is an open door, spattered with blood here.
You see here a hobgoblin corpse.
You now have 38 gold pieces (gained 4).
There is an open door, spattered with blood here.
You see here a hobgoblin corpse.
You now have 53 gold pieces (gained 15).
There is an open door, spattered with blood here.
You see here a hobgoblin corpse.
There is an open door, spattered with blood here.
You see here a hobgoblin corpse.
You see here a hobgoblin corpse.
There is a large open door here.
There is a large open door here.
You see here a +1 dagger of holy wrath.
Done exploring.
Done exploring.
Done exploring.
Done exploring.
Done exploring.
You see here a +1 dagger of holy wrath.
There is a staircase leading out of the dungeon here.
You can't go down here!
Are you sure you want to leave the Dungeon?
This will make you lose the game! [Y]es or [N]o only, please.
Are you sure you want to leave the Dungeon?
This will make you lose the game!
You have escaped!

#.# #...# #.#
#...#
#.########...#
#........#...#
########.#.>.#
##.....##.#####
##.#####.#.#
#..8≈8≈8.#.#
#@.~≈≈≈~...#######
#..8≈8≈8.#........
##.#####.#.#######
##.....####
#######


There were no monsters in sight!

Vanquished Creatures
  2 endoplasms (D:1)
  2 giant cockroaches (D:1)
  3 goblins (D:1)
  5 hobgoblins (D:1)
  5 jackals (D:1)
  A kobold (D:1)
  2 ball pythons (D:1)
  2 bats (D:1)
  A frilled lizard (D:1)
23 creatures vanquished.

Notes
Turn   | Place    | Note
-------+----------+-------------------------------------------
     0 | D:1      | Demosthentine the Demonspawn Gladiator began the quest for
                  | the Orb.
     0 | D:1      | Reached XP level 1. HP: 16/16 MP: 1/1
   114 | D:1      | Gained mutation: You have sharp fingernails. [demonic
                  | ancestry]
   114 | D:1      | Reached XP level 2. HP: 21/22 MP: 2/2
   729 | D:1      | Reached skill level 3 in Dodging
   746 | D:1      | Reached skill level 1 in Armour
   794 | D:1      | Gained mutation: You sometimes gain a little power by
                  | taking damage. [demonic ancestry]
   794 | D:1      | Reached XP level 3. HP: 25/28 MP: 3/3
  1007 | D:$      | Got out of the dungeon alive.

Illustrated notes

Levels and vault maps discovered:
D:1:      lightli_arrival_statue_moat, layout_basic, serial_corexii_hall,
          corexii_hall_statues_t, chequers_hall_statues_wall_a, st_stairs_12

Skill      XL: |  1  2 |
---------------+-------+-----
Dodging        | 3 |  3.0
Armour         | 1 |  1.1
Fighting       | |  2.4
Polearms       | |  2.8
Throwing       | |  1.7
Unarmed Combat | |  0.5

Action                     || total
---------------------------++-------
  Melee: Trident           ||    17
         Unarmed           ||    81
  Throw: Throwing net      ||     1
   Stab: Sleeping          ||     2
 Armour: Leather armour    ||    38
  Dodge: Dodged            ||    74

Table legend: (Time is in decaauts)
 A = Elapsed time spent in this place.
 B = Non-inter-level travel time spent in this place.
 C = Inter-level travel time spent in this place.
 D = Time resting spent in this place.
 E = Time spent auto-exploring this place.
 F = Levels seen in this place.
 G = Mean time per level.
                   A        B        C        D        E       F      G
               +--------+--------+--------+--------+--------+-----+--------+
         Total |   1009 |   1009 |      0 |      0 |    791 |   1 | 1009.0 |
       Dungeon |   1009 |   1009 |      0 |      0 |    791 |   1 | 1009.0 |
               +--------+--------+--------+--------+--------+-----+--------+

Top non-repeatable levels by time:
     D:1: 1009 daAuts
